[Event "*** Titled Tuesday Blitz"]
[Site "Chess.com"]
[Date "2021.02.02"]
[Round "2"]
[White "LiamVrolijk"]
[Black "Snegokhod"]
[Result "1-0"]
[WhiteElo "2837"]
[BlackElo "2531"]
[TimeControl "180+1"]
[EndTime "10:18:00 PST"]
[Termination "LiamVrolijk won by checkmate"]

1. d4 Nf6 2. c4 g6 3. Nc3 d5 4.
cxd5 Nxd5 5. e4 Nxc3 6. bxc3 Bg7 7. Bc4 O-O 8. Ne2 Nc6 9. Be3 Qd7 10. h4 Na5 11. Bd3 c5 12. h5 b5 13. hxg6 hxg6 14.
e5 Bb7 15. Nf4 Nc4 16. e6 fxe6 17. Bxg6 Rxf4 18. Bxf4 cxd4 19. Qh5 Qd5 20. Qh7+ Kf8 21. Bh6 Qe5+ 22. Kf1 Nd2+ 23. Kg1 Bxh6 24. Qf7# 1-0

[Event "*** Titled Tuesday Blitz"]
[Site "Chess.com"]
[Date "2021.02.02"]
[Round "2"]
[White "dosto07"]
[Black "VladimirBugayev"]
[Result "0-1"]
[WhiteElo "2428"]
[BlackElo "2239"]
[TimeControl "180+1"]
[EndTime "10:18:00 PST"]
[Termination "VladimirBugayev won by resignation"]

1. e4 c6 2. d4 d5 3. Nc3 dxe4 4. Nxe4 Nf6 5. Nxf6+ exf6 6. c3 Bd6 7. Bd3 O-O 8.
Ne2 Re8 9. Qc2 h5 10. Be3 Nd7 11. O-O-O b5 12. d5 c5 13. Bxb5 Rb8 14. c4 a6 15.
Bc6 Qa5 16. Nc3 Rxe3 17. fxe3 Ne5 18. Qa4 Qc7 19. a3 Qb6 20. Rd2 Nd3+ 21. Rxd3 Qxb2+ 22. Kd1 Qa1+ 23. Ke2 Qxh1 24. Ne4 Qxg2+ 25. Nf2 Bg4+ 26. Ke1 Rb1+ 27. Rd1 Qg1+ 28. Kd2 Qxf2+ 0-1

[Event "*** Titled Tuesday Blitz"]
[Site "Chess.com"]
[Date "2021.02.02"]
[Round "2"]
[White "ybruned"]
[Black "Jungle_Jaguar"]
[Result "0-1"]
[WhiteElo "2331"]
[BlackElo "2613"]
[TimeControl "180+1"]
[EndTime "10:18:01 PST"]
[Termination "Jungle_Jaguar won by resignation"]

1. b3 d5 2. Bb2 Bg4 3. f3 Bh5 4. e4 c6 5. Qe2 Bg6 6. d3 e6 7.
Nd2 Nf6 8. e5 Nfd7 9. h4 h5 10.
O-O-O Na6 11. Kb1 Qa5 12. c3 b5 13. Ka1 d4 14. Ne4 Bxe4 15. b4 Qa4 16. dxe4 dxc3 17. Bxc3 Bxb4 18. Qd2 Bxc3+ 0-1

[Event "*** Titled Tuesday Blitz"]
[Site "Chess.com"]
[Date "2021.02.02"]
[Round "2"]
[White "Oligan22"]
[Black "kuban1991"]
[Result "0-1"]
[WhiteElo "2518"]
[BlackElo "2818"]
[TimeControl "180+1"]
[EndTime "10:18:02 PST"]
[Termination "kuban1991 won by resignation"]

1. e4 e6 2. d4 d5 3. Nc3 Bb4 4. e5 c5 5. a3 Bxc3+ 6. bxc3 Nc6 7. Qg4 g6 8. Nf3 Bd7 9. h4 h6 10. Bd3 c4 11. Be2 Qa5 12. Bd2 O-O-O 13. Qf4 Rh7 14. O-O Rf8 15. a4 f5 16. exf6 Nxf6 17. Qg3 g5 18. hxg5 Ne4 19. Qh4 Rxf3 20. Bxf3 Nxd2 21.
g6 Rg7 22. Qxh6 Nxf3+ 23. gxf3 Rg8 24. Kh2 Qc7+ 25. f4 Ne7 26. Rg1 Nf5 27. Qg5 Be8 28.
Qg4 Rxg6 29. Qf3 Qh7+ 0-1

[Event "*** Titled Tuesday Blitz"]
[Site "Chess.com"]
[Date "2021.02.02"]
[Round "2"]
[White "esapunov"]
[Black "MVM2008"]
[Result "1-0"]
[WhiteElo "2606"]
[BlackElo "2122"]
[TimeControl "180+1"]
[EndTime "10:18:04 PST"]
[Termination "esapunov won by checkmate"]

1. c4 Nf6 2. Nf3 e6 3. Nc3 d5 4.
d4 Bb4 5. Qa4+ Nc6 6. Bg5 dxc4 7. e4 Bd7 8. Qc2 b5 9. e5 h6 10. Bh4 g5 11. Nxg5 Nd5 12. Nf3 Nxd4 13. Qe4 Nxf3+ 14.
gxf3 Nxc3 15. bxc3 Bxc3+ 16. Ke2 Qc8 17. Rc1 b4 18.
Rg1 Rb8 19. Bf6 Qa6 20. Bxh8 Qxa2+ 21. Rc2 Qb1 22. Rg8+ Ke7 23. Bf6# 1-0

[Event "*** Titled Tuesday Blitz"]
[Site "Chess.com"]
[Date "2021.02.02"]
[Round "2"]
[White "Oleksandr_Bortnyk"]
[Black "GumisGLHF"]
[Result "1-0"]
[WhiteElo "2902"]
[BlackElo "2355"]
[TimeControl "180+1"]
[EndTime "10:18:07 PST"]
[Termination "Oleksandr_Bortnyk won by resignation"]

1. d4 Nf6 2. Nc3 Nc6 3. d5 Ne5 4. f4 Ng6 5. e4 d6 6. Nf3 Bg4 7. Be3 a6 8. h3 Bxf3 9. Qxf3 e5 10.
dxe6 fxe6 11. Bc4 e5 12. f5 Nh4 13. Qg3 b5 14. Be6 b4 15. Qxh4 bxc3 16. bxc3 c5 17. O-O Qa5 18. Bd2 Qa4 19. Bg5 Be7 20. Bxf6 Bxf6 21.
Qh5+ Kd8 22. Bd5 Rb8 23. Rab1 Kc7 24. Rb3 Rxb3 25. axb3 Qd7 26. Ra1 g6 27. fxg6 hxg6 28. Qxg6 Bd8 29. Rxa6 Kb8 30. Ra8+ 1-0

[Event "*** Titled Tuesday Blitz"]
[Site "Chess.com"]
[Date "2021.02.02"]
[Round "2"]
[White "Vesper2018"]
[Black "joejan"]
[Result "1-0"]
[WhiteElo "2617"]
[BlackElo "2232"]
[TimeControl "180+1"]
[EndTime "10:18:08 PST"]
[Termination "Vesper2018 won by resignation"]

1. e4 c5 2. Nc3 a6 3. Nf3 d6 4. d4 cxd4 5. Nxd4 Nf6 6. h3 g6 7.
g4 Bg7 8. Bg2 O-O 9. Be3 Bd7 10.
Qd2 Nc6 11. Nde2 Re8 12. Ng3 Rc8 13. g5 Nh5 14. Nxh5 gxh5 15. Nd5 Be6 16. O-O b5 17. Rad1 Ne5 18. b3 Ng6 19. f4 Bxd5 20. exd5 Qd7 21. f5 Bc3 22. Qe2 Nh4 23. Be4 Be5 24. Qxh5 Rc3 25.
Rd3 Rxd3 26. cxd3 Ng6 27. fxg6 hxg6 28. Bxg6 fxg6 29. Qxg6+ Bg7 30. Rf7 1-0

[Event "*** Titled Tuesday Blitz"]
[Site "Chess.com"]
[Date "2021.02.02"]
[Round "2"]
[White "sopo-tereladze"]
[Black "SanchezKelvin"]
[Result "1-0"]
[WhiteElo "2316"]
[BlackElo "2482"]
[TimeControl "180+1"]
[EndTime "10:18:09 PST"]
[Termination "sopo-tereladze won by checkmate"]

1. e4 c5 2. Nf3 d6 3. d4 cxd4 4.
Qxd4 Nc6 5. Bb5 Qa5+ 6. Nc3 Qxb5 7. Nxb5 Nxd4 8. Nfxd4 Kd8 9. O-O Bd7 10. Nc3 Rc8 11.
Be3 a6 12. a4 Nf6 13. f3 e6 14. a5 Rc4 15. Rfd1 Kc8 16. Nb3 Be7 17. Bb6 Kb8 18. Nd2 Rcc8 19. Nb3 Rc4 20. e5 dxe5 21. Nd2 Rcc8 22. Nde4 Bc6 23. Nd6 Rcf8 24. Rd2 Nd5 25. Nxd5 exd5 26. Nf5 Bg5 27. Rd3 g6 28. Ng3 f5 29.
Rad1 e4 30. fxe4 fxe4 31. Rb3 Bf6 32. Bd4 Bxd4+ 33. Rxd4 Rf6 34. h3 h5 35. Rdb4 Rhf8 36.
Ne2 R8f7 37. Nd4 Ka7 38. Rb6 Be8 39. R6b4 Rf1+ 40. Kh2 Rd1 41. Ne6 h4 42. Nd8 Rff1 43. Rxb7+ Ka8 44. Rb8+ Ka7 45. R3b7# 1-0

[Event "*** Titled Tuesday Blitz"]
[Site "Chess.com"]
[Date "2021.02.02"]
[Round "2"]
[White "Reader777"]
[Black "Gulkov_Igor"]
[Result "1-0"]
[WhiteElo "2799"]
[BlackElo "2515"]
[TimeControl "180+1"]
[EndTime "10:18:12 PST"]
[Termination "Reader777 won by resignation"]

1. d4 Nf6 2. c4 e6 3. Nf3 Bb4+ 4. Bd2 Qe7 5. g3 Nc6 6. Bg2 Bxd2+ 7. Qxd2 Ne4 8. Qc2 Qb4+ 9. Kf1 d5 10. cxd5 exd5 11.
Nc3 Nxd4 12. Nxd4 Qxd4 13. Nxe4 dxe4 14. Rd1 Qe5 15. Bxe4 Bh3+ 16. Bg2 Bxg2+ 17. Kxg2 O-O 18. Rd7 b6 19. Rxc7 Qd5+ 20. e4 Qxa2 21. Rd1 Qe6 22. Rdd7 Rfe8 23. Rxf7 Qxf7 24. Rxf7 Kxf7 25. Qc4+ Kf8 26.
e5 Rac8 27. Qe4 h6 28. f4 Rc7 29. f5 Rc5 30. e6 Ke7 31. Qb7+ 1-0

[Event "*** Titled Tuesday Blitz"]
[Site "Chess.com"]
[Date "2021.02.02"]
[Round "2"]
[White "johnathan113"]
[Black "Beca95"]
[Result "0-1"]
[WhiteElo "2567"]
[BlackElo "2894"]
[TimeControl "180+1"]
[EndTime "10:18:13 PST"]
[Termination "Beca95 won on time"]

1. d4 Nf6 2. Nc3 d6 3. e4 e5 4. Nf3 Nbd7 5. Bc4 h6 6. g4 Nxg4 7. Rg1 exd4 8. Nxd4 Nge5 9. Be2 c6 10. Nf5 Nc5 11. Bf4 g6 12. Ne3 Be6 13. Qd2 b5 14.
O-O-O b4 15. Nb1 Qa5 16. Qd4 Ncd7 17. Bc4 c5 18. Qd2 Bxc4 0-1

[Event "*** Titled Tuesday Blitz"]
[Site "Chess.com"]
[Date "2021.02.02"]
[Round "2"]
[White "jacky72"]
[Black "Bastiandash"]
[Result "1-0"]
[WhiteElo "2679"]
[BlackElo "2474"]
[TimeControl "180+1"]
[EndTime "10:18:14 PST"]
[Termination "jacky72 won on time"]

1. d4 Nf6 2. c4 e6 3. Nf3 Bb4+ 4. Nc3 b6 5. g3 Bb7 6. Bg2 O-O 7. O-O Bxc3 8.
bxc3 d6 9. Rb1 Nbd7 10. Bf4 Qe7 11. Re1 Be4 12. Rb2 Rfe8 13. Bh3 h6 14. Nd2 Bb7 15.
e4 e5 16. Be3 Red8 17. d5 a5 18. f4 exf4 19. gxf4 Nxe4 20. Bd4 Ndc5 21. Bxc5 1-0

[Event "*** Titled Tuesday Blitz"]
[Site "Chess.com"]
[Date "2021.02.02"]
[Round "2"]
[White "Blitzstream"]
[Black "DanielTitichoca"]
[Result "1-0"]
[WhiteElo "2746"]
[BlackElo "2346"]
[TimeControl "180+1"]
[EndTime "10:18:14 PST"]
[Termination "Blitzstream won on time"]

1. d4 Nf6 2. Bg5 Ne4 3. Bh4 d5 4. f3 Nd6 5. Nc3 Nf5 6. Bf2 e5 7. dxe5 d4 8. e4 dxe3 9. Qxd8+ Kxd8 10. O-O-O+ Ke8 11. Nd5 exf2 12. Nxc7+ Ke7 13. Nh3 g6 14. Nxa8 Bh6+ 15. Kb1 Nc6 16. Nxf2 Be6 17. Nc7 Nxe5 18. Nxe6 fxe6 19. Ng4 Nxg4 20. fxg4 Ne3 21. Re1 Nxg4 22.
Bc4 Ne3 23. Bb3 Rf8 24. Re2 Rf5 25. Rhe1 1-0

[Event "*** Titled Tuesday Blitz"]
[Site "Chess.com"]
[Date "2021.02.02"]
[Round "2"]
[White "Kobalia"]
[Black "Piotrek1979"]
[Result "1-0"]
[WhiteElo "2685"]
[BlackElo "2339"]
[TimeControl "180+1"]
[EndTime "10:18:14 PST"]
[Termination "Kobalia won on time"]

1. e4 c5 2. Nf3 Nc6 3. Bb5 g6 4. Bxc6 bxc6 5. O-O Bg7 6. Re1 d6 7. c3 Qc7 8. d4 cxd4 9. cxd4 Nf6 10. Nc3 O-O 11. h3 Rb8 12. b3 Bb7 13. Bb2 Rfd8 14. Rc1 Qa5 15. Qc2 e5 16. dxe5 dxe5 17. Na4 Nh5 18. g3 Bc8 19. Kg2 Bd7 20. Qc5 Qxc5 21. Rxc5 f6 22. Ra5 Rb7 23. Nc5 Rc7 24. Rd1 Bxh3+ 25.
Kxh3 Rxd1 26. Na6 Rcd7 27. Nb4 Rb1 28. Ba3 Rdd1 29. Nxc6 g5 30. Kg4 Rh1 31. Rxa7 f5+ 32. Kxf5 g4 33. Ne7+ Kf7 34. Ng5+ Ke8 35. Ke6 1-0

[Event "*** Titled Tuesday Blitz"]
[Site "Chess.com"]
[Date "2021.02.02"]
[Round "2"]
[White "hangemhigh"]
[Black "Milchone1"]
[Result "0-1"]
[WhiteElo "2297"]
[BlackElo "2505"]
[TimeControl "180+1"]
[EndTime "10:18:14 PST"]
[Termination "Milchone1 won by checkmate"]

1. Nf3 Nf6 2. g3 g6 3. Bg2 Bg7 4. O-O O-O 5. d4 d6 6. b3 Nc6 7. Bb2 a6 8. Re1 Rb8 9. e4 Bg4 10. Nbd2 e5 11. d5 Ne7 12. h3 Bxf3 13. Qxf3 Nd7 14.
c4 b5 15. Rab1 f5 16. cxb5 axb5 17. Qe2 b4 18. Rbc1 Nc5 19. exf5 gxf5 20. Nc4 Ng6 21. Na5 Ra8 22. Nc6 Qd7 23. Nxb4 Rfb8 24. Nc6 Rf8 25.
Ra1 e4 26. Bxg7 Qxg7 27. Qc2 Nd3 28. Reb1 Ra3 29. Bf1 Nge5 30. Nxe5 Nxe5 31. Be2 Rfa8 32. Kh2 R8a7 33. b4 f4 34. gxf4 Qh6 35. fxe5 Rxh3+ 36. Kg2 Rh2+ 37. Kg1 Rh1+ 38. Kg2 Qh3# 0-1

[Event "*** Titled Tuesday Blitz"]
[Site "Chess.com"]
[Date "2021.02.02"]
[Round "2"]
[White "Chesstrainer1"]
[Black "nikitadovbnya2008"]
[Result "1-0"]
[WhiteElo "2404"]
[BlackElo "2127"]
[TimeControl "180+1"]
[EndTime "10:18:14 PST"]
[Termination "Chesstrainer1 won by resignation"]

1. e4 c5 2. Nf3 d6 3. d4 cxd4 4.
Nxd4 Nf6 5. Nc3 a6 6. Be3 e5 7.
Nb3 Be6 8. f3 h5 9. Qd2 Nbd7 10.
Be2 Rc8 11. O-O Be7 12. a4 Nb6 13. Rfd1 Nc4 14. Bxc4 Bxc4 15. Qf2 O-O 16. a5 Qe8 17. Nd2 Be6 18. Nf1 Qc6 19. Bg5 Rfd8 20. Ne3 Ng4 21.
fxg4 Bxg5 22. gxh5 Bxe3 23. Qxe3 Bg4 24. Rd3 Bxh5 25.
Nd5 Re8 26. Rc3 Qd7 27. Rxc8 Qxc8 28. Qg5 Qg4 29. Nf6+ 1-0

[Event "*** Titled Tuesday Blitz"]
[Site "Chess.com"]
[Date "2021.02.02"]
[Round "2"]
[White "albi1999"]
[Black "andrewtnb"]
[Result "1/2-1/2"]
[WhiteElo "2623"]
[BlackElo "2304"]
[TimeControl "180+1"]
[EndTime "10:18:16 PST"]
[Termination "Game drawn by agreement"]

1. d4 e6 2. c4 Nf6 3. Nc3 Bb4 4. e3 d5 5. a3 Bxc3+ 6. bxc3 c6 7. a4 O-O 8. Ba3 Re8 9. cxd5 cxd5 10. Bb5 Nc6 11. Ne2 Bd7 12. O-O Na5 13. Bd3 Rc8 14. Bb4 Nc4 15.
Qc2 a5 16. Ba3 b5 17. axb5 Bxb5 18. Bc1 a4 19. f3 h6 20. Kh1 Qc7 21. e4 dxe4 22.
fxe4 Ng4 23. Bf4 e5 24. dxe5 Nce3 25. Bxe3 Nxe3 26. Qc1 Bxd3 27. Qxe3 Bxe2 28. Qxe2 Qxc3 29. Rxa4 Qxe5 30. Ra7 Re7 1/2-1/2

[Event "*** Titled Tuesday Blitz"]
[Site "Chess.com"]
[Date "2021.02.02"]
[Round "2"]
[White "MuhittinBuker"]
[Black "FlySooHigh"]
[Result "0-1"]
[WhiteElo "2146"]
[BlackElo "2607"]
[TimeControl "180+1"]
[EndTime "10:18:16 PST"]
[Termination "FlySooHigh won by resignation"]

1. d4 Nf6 2. c4 c5 3. d5 b5 4.
cxb5 a6 5. bxa6 g6 6. Nc3 Bg7 7. e4 O-O 8. Nf3 Qa5 9. Bd3 Bxa6 10. O-O d6 11. Re1 Bxd3 12. Qxd3 Nfd7 13. Re2 Qa6 14. Qc2 Nb6 15. Bg5 Re8 16. Rd1 N8d7 17. h4 h5 18. Bf4 Nc4 19. b3 Nce5 20. Nxe5 Nxe5 21. Bxe5 Bxe5 22. Nb1 Rec8 23. g3 Rcb8 24. Kg2 Rb4 25. Re3 Qxa2 26. Qxa2 Rxa2 27. Nd2 Rd4 28.
Re2 Rd3 29. Kf1 Bc3 30. Ke1 Kf8 0-1

[Event "*** Titled Tuesday Blitz"]
[Site "Chess.com"]
[Date "2021.02.02"]
[Round "2"]
[White "HrvojeZagreb"]
[Black "dopolian"]
[Result "0-1"]
[WhiteElo "2225"]
[BlackElo "2444"]
[TimeControl "180+1"]
[EndTime "10:18:17 PST"]
[Termination "dopolian won by resignation"]

1. d4 Nf6 2. Bf4 d5 3. e3 e6 4. Nf3 c5 5. Nc3 a6 6. Ne2 Nc6 7. c3 Bd6 8. Bxd6 Qxd6 9. Ng3 O-O 10. Bd3 e5 11. dxe5 Nxe5 12. Nxe5 Qxe5 13. O-O Be6 14. Qc2 Rfd8 15. Rfd1 Rac8 16. Bf5 h6 17. Bxe6 Qxe6 18. Qf5 g6 19. Qf4 Kg7 20. h4 h5 21. Rd2 Qg4 22. Qxg4 hxg4 23. Rad1 Rh8 24. c4 dxc4 25. Rd6 Rxh4 26.
Rb6 Rc7 27. Rdd6 Nd7 0-1

[Event "*** Titled Tuesday Blitz"]
[Site "Chess.com"]
[Date "2021.02.02"]
[Round "2"]
[White "Virgo15"]
[Black "wonderfultime"]
[Result "0-1"]
[WhiteElo "2600"]
[BlackElo "3011"]
[TimeControl "180+1"]
[EndTime "10:18:19 PST"]
[Termination "wonderfultime won on time"]

1. d4 d5 2. Bf4 Nf6 3. Nf3 Bf5 4. e3 e6 5. c4 Bxb1 6. Qxb1 Bb4+ 7. Kd1 Bd6 8. Bg5 h6 9. Bxf6 Qxf6 10. e4 dxe4 11. Qxe4 Nc6 12. Bd3 O-O-O 13. c5 Bxc5 14. Rc1 Bxd4 15.
Ke2 Bb6 16. Rc3 Rd6 17. Rhc1 Rhd8 18. Kf1 Kb8 19. R1c2 Nd4 20. Nxd4 Rxd4 21. Qe2 Rf4 22. f3 Qd4 23. Ke1 Ba5 24. g3 Qg1+ 25. Kd2 Rfd4 26.
b4 Bxb4 27. a3 Bxc3+ 28. Rxc3 Qa1 0-1

[Event "*** Titled Tuesday Blitz"]
[Site "Chess.com"]
[Date "2021.02.02"]
[Round "2"]
[White "Vasily85"]
[Black "DenisQ"]
[Result "0-1"]
[WhiteElo "2409"]
[BlackElo "2666"]
[TimeControl "180+1"]
[EndTime "10:18:20 PST"]
[Termination "DenisQ won by resignation"]

1. d4 Nf6 2. Bg5 e6 3. e4 h6 4. Bxf6 Qxf6 5. c3 b6 6. Bd3 Bb7 7. Nd2 g6 8. Ngf3 Bg7 9. Qe2 O-O 10. h4 d6 11. h5 g5 12. e5 Qe7 13. Ne4 Nd7 14. Nfxg5 dxe5 15. Nf3 exd4 16. cxd4 Qb4+ 17. Nc3 Rad8 18. O-O Bxf3 19. Qxf3 Qxd4 20. Rad1 Ne5 21. Qb7 Nxd3 22. Qxc7 Qc5 23. Qg3 Nxb2 24. Ne4 Qe5 0-1

[Event "*** Titled Tuesday Blitz"]
[Site "Chess.com"]
[Date "2021.02.02"]
[Round "2"]
[White "GelmanAlexander"]
[Black "Twitch_ElhamBlitz05"]
[Result "1-0"]
[WhiteElo "2563"]
[BlackElo "2843"]
[TimeControl "180+1"]
[EndTime "10:18:21 PST"]
[Termination "GelmanAlexander won by resignation"]

1. d4 Nf6 2. Nc3 d5 3. Bf4 a6 4. e3 g6 5. h4 h5 6. Nf3 Bg7 7. Qd2 O-O 8. O-O-O Bf5 9. Ne5 Nbd7 10. f3 c5 11. Be2 Rc8 12. g4 hxg4 13. h5 cxd4 14. exd4 gxf3 15. Bxf3 Ne4 16. Bxe4 dxe4 17. hxg6 Nxe5 18.
Bxe5 f6 19. Qh2 Bxg6 20. Rdg1 Qe8 21. Nd5 fxe5 22. Rxg6 e6 23. Qh7+ 1-0

[Event "*** Titled Tuesday Blitz"]
[Site "Chess.com"]
[Date "2021.02.02"]
[Round "2"]
[White "RaneshRatnesan"]
[Black "Azde"]
[Result "0-1"]
[WhiteElo "2162"]
[BlackElo "2424"]
[TimeControl "180+1"]
[EndTime "10:18:22 PST"]
[Termination "Azde won by resignation"]

1. d4 Nf6 2. Bf4 e6 3. e3 d5 4. c3 Bd6 5. Bg3 O-O 6. Nd2 c5 7. Bd3 Nc6 8. Ngf3 b6 9. Qe2 Bb7 10. a3 Ne7 11. Ne5 Nf5 12. Bf4 Ne4 13. g4 Nh4 14.
Bg3 Ng6 15. f4 f6 16. Nxg6 hxg6 17. O-O-O Qe7 18. Qg2 f5 19. Kb1 c4 20. Bc2 Bxa3 21.
bxa3 Nxc3+ 22. Kb2 Nxd1+ 23. Rxd1 c3+ 24. Kxc3 Qxa3+ 25. Nb3 Rfc8+ 26. Kd2 Qb4+ 0-1

[Event "*** Titled Tuesday Blitz"]
[Site "Chess.com"]
[Date "2021.02.02"]
[Round "2"]
[White "MF1966Idrisov"]
[Black "canary2016"]
[Result "1-0"]
[WhiteElo "2381"]
[BlackElo "2015"]
[TimeControl "180+1"]
[EndTime "10:18:24 PST"]
[Termination "MF1966Idrisov won by checkmate"]

1. Nf3 d5 2. b3 Nf6 3. Bb2 c6 4. e3 Bg4 5. d4 e6 6. Be2 Bd6 7. O-O O-O 8. Ne5 Bf5 9. c4 Nbd7 10. f4 Qc7 11. Nc3 Ne4 12. Rc1 f6 13. Nf3 Qd8 14. Nh4 Bg6 15. Nxg6 hxg6 16. Nxe4 dxe4 17. d5 Bc5 18.
Bd4 exd5 19. cxd5 Ba3 20. dxc6 Bxc1 21. Bc4+ Kh8 22. Qg4 Qa5 23. f5 Bxe3+ 24. Bxe3 Qxf5 25. Rxf5 gxf5 26. Qh5# 1-0

[Event "*** Titled Tuesday Blitz"]
[Site "Chess.com"]
[Date "2021.02.02"]
[Round "2"]
[White "sergiochess83"]
[Black "doons21"]
[Result "1/2-1/2"]
[WhiteElo "2856"]
[BlackElo "2560"]
[TimeControl "180+1"]
[EndTime "10:18:25 PST"]
[Termination "Game drawn by repetition"]

1. e4 e6 2. d4 d5 3. Nc3 Bb4 4.
e5 Ne7 5. a3 Bxc3+ 6. bxc3 c5 7. h4 Qa5 8. Bd2 Qa4 9. h5 h6 10. Nf3 cxd4 11. cxd4 b6 12. Bb4 Ba6 13. Bxa6 Nxa6 14.
Bxe7 Kxe7 15. O-O Rhc8 16. Qd3 Nc7 17. Rab1 Ne8 18. Rfc1 Rc4 19. Kh2 Rac8 20. c3 Qa5 21. Rb3 Qa4 22. Rcb1 Qc6 23. Rc1 Qa4 24. Rcb1 Qc6 25.
Rc1 Qa4 1/2-1/2

[Event "*** Titled Tuesday Blitz"]
[Site "Chess.com"]
[Date "2021.02.02"]
[Round "2"]
[White "ChessLover0108"]
[Black "Smile2005"]
[Result "1-0"]
[WhiteElo "2843"]
[BlackElo "2353"]
[TimeControl "180+1"]
[EndTime "10:18:25 PST"]
[Termination "ChessLover0108 won by resignation"]

1. Nf3 Nf6 2. d4 g6 3. c4 Bg7 4.
Nc3 O-O 5. e4 d6 6. Be2 e5 7.
Be3 exd4 8. Nxd4 Re8 9. f3 Nc6 10.
O-O Nh5 11. Rf2 Nf4 12. Qd2 Bxd4 13. Bxd4 Qg5 14. Be3 Nxe2+ 15. Rxe2 Qd8 16. Nd5 f6 17. Qc3 Rf8 18. Rd1 Be6 19. Red2 Ne5 20. c5 c6 21. Nf4 Bf7 22. Rxd6 Qe7 23. b3 Rad8 24. Nd3 Rfe8 25. Nxe5 fxe5 26. Rxd8 Rxd8 27. Rxd8+ Qxd8 28.
Qxe5 Qh4 29. Qb8+ Kg7 30. Bd4+ Kh6 31. Qf8+ Kh5 32. g4+ Kg5 33. Qe7+ 1-0

[Event "*** Titled Tuesday Blitz"]
[Site "Chess.com"]
[Date "2021.02.02"]
[Round "2"]
[White "ftorodent"]
[Black "Yurovskykh_Oleksandr"]
[Result "1-0"]
[WhiteElo "2704"]
[BlackElo "2480"]
[TimeControl "180+1"]
[EndTime "10:18:26 PST"]
[Termination "ftorodent won by resignation"]

1. d4 d5 2. c4 dxc4 3. Nf3 Nf6 4. e3 e6 5. Bxc4 c5 6. O-O Nc6 7. Qe2 cxd4 8. Rd1 Be7 9. exd4 O-O 10. Nc3 Na5 11.
Bd3 b6 12. Bg5 Bb7 13. Ne5 Rc8 14. Rac1 Nd5 15. Bd2 Nxc3 16. bxc3 Nc6 17. Be4 Qc7 18. Bf4 Bd6 19. Rd3 Nxe5 20. dxe5 Bc5 21. Bxh7+ Kxh7 22. Qh5+ Kg8 23. Rh3 Bxf2+ 24. Kh1 Bxg2+ 25. Kxg2 Qc6+ 26. Kxf2 Qc5+ 27. Be3 1-0

[Event "*** Titled Tuesday Blitz"]
[Site "Chess.com"]
[Date "2021.02.02"]
[Round "2"]
[White "Demeter39"]
[Black "catzapto"]
[Result "1-0"]
[WhiteElo "2396"]
[BlackElo "2101"]
[TimeControl "180+1"]
[EndTime "10:18:26 PST"]
[Termination "Demeter39 won on time"]

1. Nf3 c5 2. e4 e6 3. c3 d5 4.
exd5 exd5 5. Bb5+ Nc6 6. O-O Nf6 7. d4 Be7 8. dxc5 O-O 9. Be3 Ng4 10. Bd4 Nxd4 11. cxd4 a6 12. Bd3 b6 13. b4 Bf6 14.
Nc3 Bb7 15. h3 Nh6 16. Na4 bxc5 17. bxc5 Rc8 18. Nb6 Rc6 19. Rb1 Re8 20. Qa4 Rce6 21. Bxa6 Bxa6 22. Qxa6 Nf5 23. Qd3 g6 24. a4 Qc7 25. a5 Re4 26. Nxd5 Qc6 27. Nxf6+ Qxf6 28. Rb6 1-0

[Event "*** Titled Tuesday Blitz"]
[Site "Chess.com"]
[Date "2021.02.02"]
[Round "2"]
[White "Nastya_Rakhmangulova"]
[Black "PavelShkapenko"]
[Result "0-1"]
[WhiteElo "2495"]
[BlackElo "2743"]
[TimeControl "180+1"]
[EndTime "10:18:28 PST"]
[Termination "PavelShkapenko won by resignation"]

1. e4 e5 2. Nf3 Nc6 3. c3 Nf6 4. d4 Nxe4 5. d5 Ne7 6. Nxe5 Ng6 7.
Qe2 Nxe5 8. Qxe4 Qe7 9. Be2 Ng6 10. Qd4 d6 11. Be3 Nh4 12. O-O Nf5 13. Qf4 Qe5 14. Nd2 Nxe3 15. fxe3 Qxf4 16. exf4 Be7 17. Bb5+ Bd7 18. Bxd7+ Kxd7 19. Nf3 Bf6 20. g4 g6 21. f5 gxf5 22. Nd4 Bxd4+ 23. cxd4 Rag8 24. Rxf5 Rxg4+ 25. Kf2 Rg7 26. h4 Rhg8 27. h5 Rg2+ 28. Kf3 R8g3+ 29.
Kf4 Rf2+ 30. Kxg3 Rxf5 31. Kg4 Rxd5 32. Rf1 Ke7 33. Rf4 h6 34. Re4+ Kf8 35. b4 f5+ 0-1

[Event "*** Titled Tuesday Blitz"]
[Site "Chess.com"]
[Date "2021.02.02"]
[Round "2"]
[White "Trickster_Pony"]
[Black "TokChess"]
[Result "0-1"]
[WhiteElo "1442"]
[BlackElo "2458"]
[TimeControl "180+1"]
[EndTime "10:18:28 PST"]
[Termination "TokChess won by resignation"]

1. c4 c5 2. g3 Nf6 3. Bg2 g6 4. Nc3 Bg7 5. d3 O-O 6. e4 Nc6 7. Nge2 Ne8 8. O-O Nc7 9. a4 Ne6 10. f4 Ncd4 11. Be3 Nxe2+ 12. Qxe2 Nd4 13. Qf2 d6 14.
Nb5 Nc6 15. f5 Ne5 16. Qe2 Bd7 17. Nc3 e6 18. fxe6 fxe6 19. Rxf8+ Qxf8 20. Rf1 Qe7 21. b3 Nxc4 22. dxc4 Bxc3 23. Qd3 Be5 24. Bf4 Bd4+ 25. Kh1 Rf8 26. a5 Bc6 27. b4 e5 28. Bh6 Rxf1+ 29. Qxf1 cxb4 30. Bh3 Bxe4+ 31. Bg2 Bxg2+ 32. Kxg2 Qf7 33. Qe2 b3 34. Qg4 Qf2+ 35. Kh3 Qf5 0-1

[Event "*** Titled Tuesday Blitz"]
[Site "Chess.com"]
[Date "2021.02.02"]
[Round "2"]
[White "joshdaruca"]
[Black "LucaBrasi1968"]
[Result "1/2-1/2"]
[WhiteElo "2734"]
[BlackElo "2511"]
[TimeControl "180+1"]
[EndTime "10:18:30 PST"]
[Termination "Game drawn by repetition"]

1. Nf3 d5 2. g3 c6 3. c4 Nf6 4. Bg2 e6 5. O-O Bd6 6. d4 Ne4 7. b3 f5 8. Bb2 Qe7 9. Nbd2 O-O 10. Ne5 b6 11. Ndf3 Bb7 12. Qc2 Nd7 13. Rac1 Rac8 14. Nxd7 Qxd7 15. Ne5 Qe7 16. f3 Nf6 17. Kh1 c5 18.
dxc5 Bxc5 19. Qb1 Rfd8 20. Rfd1 Nd7 21. Nd3 Be3 22. Rc2 dxc4 23. bxc4 Nc5 24. Nxc5 Bxc5 25. Rcd2 Rxd2 26. Rxd2 Rd8 27. Rxd8+ Qxd8 28. Qd3 Qd6 29. f4 Bxg2+ 30. Kxg2 Qxd3 31. exd3 Kf7 32. Be5 a6 33. a4 Be7 34. Kf3 g6 35. d4 Bd8 36. c5 bxc5 37.
dxc5 Ke8 38. c6 Bb6 39. h3 Kd8 40. g4 Bc7 41. Bd4 Bd6 42. gxf5 exf5 43. Bb6+ Bc7 44. Bc5 Bb8 45. Bd4 Bd6 46. Bb6+ Bc7 47. Bc5 Bb8 48. Bd4 Bd6 1/2-1/2

[Event "*** Titled Tuesday Blitz"]
[Site "Chess.com"]
[Date "2021.02.02"]
[Round "2"]
[White "ClauSanLuis"]
[Black "Grammnik"]
[Result "0-1"]
[WhiteElo "2064"]
[BlackElo "2394"]
[TimeControl "180+1"]
[EndTime "10:18:30 PST"]
[Termination "Grammnik won by resignation"]

1. d4 d5 2. Bg5 Nf6 3. Bxf6 exf6 4. e3 Bd6 5. c4 dxc4 6. Bxc4 O-O 7. Nc3 c5 8. d5 f5 9. Nge2 Nd7 10. O-O Ne5 11. Bb3 a6 12. a4 Rb8 13. a5 Bc7 14. Na4 c4 15. Bc2 Bxa5 16. Qd4 Re8 17. d6 b5 18. Nc5 Bb6 19. b4 cxb3 20. Bxb3 Nd7 21. Bxf7+ Kh8 22. Bxe8 Bxc5 23. Qd5 Qxe8 24. Qxf5 Bxd6 25.
Rad1 Nf6 26. Qg5 Be5 27. f4 Bc7 28. f5 Bb6 29. Nd4 Bb7 30. Kh1 Qh5 31. Qg3 Rg8 32. Ne6 Ne4 33. Qe5 Nf2+ 34. Kg1 Nxd1 35. f6 Qxe5 36. fxg7+ Rxg7 37. Rf8+ Rg8 0-1

[Event "*** Titled Tuesday Blitz"]
[Site "Chess.com"]
[Date "2021.02.02"]
[Round "2"]
[White "OMGCovid-19"]
[Black "Tenamu"]
[Result "0-1"]
[WhiteElo "1966"]
[BlackElo "2371"]
[TimeControl "180+1"]
[EndTime "10:18:30 PST"]
[Termination "Tenamu won on time"]

1. e4 e6 2. d4 d5 3. e5 c5 4. Nf3 Nc6 5. Bd3 cxd4 6. O-O Nge7 7. Bf4 Ng6 8. Bg3 Be7 9. Re1 Bd7 10. Nbd2 O-O 11. a3 a5 12. Nb3 Qb6 13. h4 a4 14.
Nbd2 Rfc8 15. h5 Nf8 16. c4 dxc3 17. bxc3 Na5 18. Rb1 Qc5 19. c4 Nxc4 20. Bxc4 dxc4 21.
Rxb7 Bc6 22. Rb4 c3 23. Ne4 Bxe4 24. Rbxe4 c2 25. Qc1 Qxa3 26. h6 Qxc1 27. Rxc1 Ba3 28. hxg7 Bxc1 0-1